 Dungeon Crawl Stone Soup version 0.21.1-1-g345015f (webtiles) character file.

424 Kiryusha the Magician (level 6, 0/32 HPs)
             Began as a Deep Elf Ice Elementalist on Mar 1, 2018.
             Slain by an orc
             ... wielding a +0 trident
              (8 damage)
             ... on level 4 of the Dungeon.
             The game lasted 00:16:25 (3411 turns).

Kiryusha the Magician (Deep Elf Ice Elementalist)   Turns: 3411, Time: 00:16:26

Health: 0/32       AC:  2    Str:  5    XL:     6   Next: 64%
Magic:  1/18       EV: 13    Int: 27    God:
Gold:   143        SH:  2    Dex: 15    Spells: 5/19 levels left

rFire    . . .     SeeInvis .   e - +0 short sword
rCold    . . .     Gourm    .   (no shield)
rNeg     . . .     Faith    .   a - +0 robe
rPois    .         Spirit   .   (no helmet)
rElec    .         Reflect  +   (no cloak)
rCorr    +         Harm     .   (no gloves)
MR       .....                  (no boots)
Stlth    ++........             g - +2 amulet of reflection
HPRegen  0.10/turn              d - ring of resist corrosion
MPRegen  0.16/turn              (no ring)

@: brilliant, very slightly contaminated
A: no striking features
a: no special abilities


You were on level 4 of the Dungeon.
You were hungry.

You visited 1 branch of the dungeon, and saw 4 of its levels.

You collected 143 gold pieces.

Inventory:

Hand Weapons
 e - a +0 short sword (weapon)
Armour
 a - a +0 robe (worn)
Jewellery
 d - a ring of resist corrosion (left hand)
 g - a +2 amulet of reflection (around neck)
Wands
 r - a wand of random effects (27)
Scrolls
 f - 4 scrolls of identify {unknown}
 l - 2 scrolls of blinking {unknown}
 m - 2 scrolls of remove curse {unknown}
Potions
 h - a potion of brilliance
 i - a potion of curing {unknown}
 j - a potion of degeneration {unknown}
 n - a potion of heal wounds {unknown}
 o - a potion of ambrosia {unknown}
 p - a potion of agility {unknown}
 s - a potion of resistance {unknown}
Books
 b - a book of Frost

   Spells                             Type                      Level
   a - Freeze                         Ice                          1
   b - Throw Frost                    Conjuration/Ice              2
   c - Ozocubu's Armour               Charms/Ice                   3
   d - Throw Icicle                   Conjuration/Ice              4
   e - Summon Ice Beast               Ice/Summoning                4
 q - a book of Minor Magic

   Spells                             Type                      Level
   a - Magic Dart                     Conjuration                  1
   b - Blink                          Translocation                2
   c - Call Imp                       Summoning                    2
   d - Slow                           Hexes                        2
   e - Conjure Flame                  Conjuration/Fire             3
   f - Mephitic Cloud                 Conjuration/Poison/Air       3
Comestibles
 c - 8 rations
 k - 5 chunks of flesh


   Skills:
 - Level 2.4 Dodging
 - Level 2.4 Stealth
 + Level 7.0 Spellcasting
 * Level 2.0 Conjurations
 - Level 0.4 Charms
 - Level 0.3 Summonings
 - Level 6.0 Ice Magic


You had 5 spell levels left.
You knew the following spells:

 Your Spells              Type           Power        Failure   Level  Hunger
a - Freeze                Ice            ####         1%          1    None
b - Throw Frost           Conj/Ice       #####.       1%          2    None
c - Ozocubu's Armour      Chrm/Ice       #####...     1%          3    None
d - Throw Icicle          Conj/Ice       #####...     1%          4    ###....
e - Summon Ice Beast      Ice/Summ       #####...     1%          4    ###....


Dungeon Overview and Level Annotations

Branches:
Dungeon (4/15)
 Temple: D:4-7

Altars:
Cheibriados
Trog
Xom
Yredelemnul


Message History

The scorpion is severely wounded.
The orc barely misses you.
Your ice beast closely misses the scorpion.
The scorpion stings you.
The orc hits you from afar with a trident!
* * * LOW HITPOINT WARNING * * *
Your ice beast hits the scorpion but does no damage.
The scorpion closely misses your ice beast.
The orc misses you.
Your ice beast hits the scorpion.
Your ice beast freezes the scorpion.
Your ice beast closely misses the scorpion.
The scorpion stings your ice beast. You block the orc's attack.
Your ice beast hits the scorpion but does no damage.
Your ice beast barely misses the scorpion.
The scorpion stings your ice beast.
It was a potion of brilliance.
You feel clever all of a sudden.
The orc hits you from afar with a trident!
You die...

#....... ... ####....
... #)### #.# ##.## #.#
#...## #.###### #...#)
#.. ..# #.....
####.####.######.....
#...@..Y#.##.........
.....#..).Ys............
... #...)o##.##.........
. #.........####.......
#.........## #.#.....
##.......## #.#.....
........## ........
.###....# #.#.....#
..... . ....#.


You could see a scorpion, an orc and 2 friendly ice beasts.

Vanquished Creatures
  Sigmund (D:2)
  Natasha (D:3)
  An adder (D:2)
  A worm (D:2)
  A dart slug (D:2)
  A leopard gecko (D:3)
  2 orcs (D:4)
  5 bats
  5 hobgoblins
  11 jackals
  A ball python (D:3)
  2 frilled lizards
  3 goblins
  5 kobolds
  7 rats
47 creatures vanquished.

Vanquished Creatures (collateral kills)
  The ghost of Ratty the Reanimator, an amateur DENe (D:3)
  A phantom (D:4)
  An orc priest (D:4)
  An orc wizard (D:4)
  A centaur skeleton (D:4)
  Natasha (twice) (D:3)
  A gnoll (D:3)
  A howler monkey skeleton (D:4)
  A worm (D:3)
  5 orcs
  A goblin (D:3)
  2 frilled lizards (D:3)
18 creatures vanquished.

Grand Total: 65 creatures vanquished

Notes
Turn   | Place    | Note
-------+----------+-------------------------------------------
     0 | D:1      | Kiryusha the Deep Elf Ice Elementalist began the quest for the Orb.
     0 | D:1      | Reached XP level 1. HP: 10/10 MP: 6/6
   230 | D:1      | Reached XP level 2. HP: 13/15 MP: 6/8
   572 | D:1      | Learned a level 2 spell: Throw Frost
   638 | D:2      | Found a faded altar of an unknown god.
   838 | D:2      | Reached XP level 3. HP: 9/19 MP: 2/10
  1221 | D:2      | Noticed Sigmund
  1286 | D:2      | Learned a level 3 spell: Ozocubu's Armour
  1349 | D:2      | Reached skill level 4 in Spellcasting
  1589 | D:2      | Killed Sigmund
  1589 | D:2      | Reached skill level 5 in Spellcasting
  1589 | D:2      | Reached skill level 5 in Ice Magic
  1589 | D:2      | Reached XP level 4. HP: 7/24 MP: 1/13
  1589 | D:2      | Reached XP level 5. HP: 8/28 MP: 1/15
  1690 | D:2      | Learned a level 4 spell: Throw Icicle
  1695 | D:2      | Learned a level 4 spell: Summon Ice Beast
  1743 | D:3      | Noticed Natasha
  1752 | D:3      | Killed Natasha
  1929 | D:3      | Noticed Ratty's ghost (amateur DENe)
  1944 | D:3      | Killed Ratty's ghost
  1944 | D:3      | Reached skill level 6 in Spellcasting
  1944 | D:3      | Reached XP level 6. HP: 32/32 MP: 5/17
  2116 | D:3      | Found a basalt altar of Yredelemnul.
  2201 | D:3      | Noticed Natasha
  2213 | D:3      | Killed Natasha
  2266 | D:3      | Noticed Natasha
  2275 | D:3      | Killed Natasha
  2423 | D:3      | Found a snail-covered altar of Cheibriados.
  2802 | D:3      | Found a shimmering altar of Xom.
  3386 | D:4      | Found a bloodstained altar of Trog.
  3403 | D:4      | Reached skill level 7 in Spellcasting
  3411 | D:4      | Slain by an orc

Skill      XL: |  1  2  3  4  5  6 |
---------------+-------------------+-----
Ice Magic      | 4 5 6 |  6.0
Spellcasting   | 5 6 7 |  7.0
Conjurations   | 2 |  2.0
Dodging        | |  2.4
Stealth        | |  2.4
Charms         | |  0.4
Summonings     | |  0.3

Action                   |  1- 3 |  4- 6 || total
-------------------------+-------+-------++-------
Melee: Short sword       |       |     2 ||     2
 Cast: Freeze            |    41 |    18 ||    59
       Throw Frost       |    10 |     9 ||    19
       Ozocubu's Armour  |     1 |     2 ||     3
       Summon Ice Beast  |       |    19 ||    19
       Throw Icicle      |       |     1 ||     1
  Use: Potion            |       |     1 ||     1
  Eat: Chunk             |     2 |     8 ||    10
Armor: Robe              |     5 |     2 ||     7
Dodge: Dodged            |    27 |     7 ||    34
Block: Other             |     2 |     3 ||     5
